 Dungeon Crawl Stone Soup version 0.30-a0-738-g116ff8c4af (webtiles) character file.

Game seed: 8675872154667675828

2247 timneilson the Covered (level 9, -1/54 HPs)
             Began as a Gargoyle Fighter on Feb 3, 2023.
             Was a Believer of Okawaru.
             Slain by a wight
             ... wielding a +2 halberd
              (8 damage)
             ... on level 6 of the Dungeon.
             The game lasted 00:09:36 (5640 turns).

timneilson the Covered (Gargoyle Fighter)           Turns: 5640, Time: 00:09:37

Health: -1/54      AC: 18    Str: 24    XL:     9   Next: 37%
Magic:  10/11      EV: 12    Int:  9    God:    Okawaru [**....]
Gold:   196        SH:  6    Dex:  9    Spells: 8/8 levels left

rFire   . . .      SeeInvis .    a - +1 long sword
rCold   . . .      Faith    .    c - +0 buckler
rNeg    + . .      Spirit   .    b - +0 scale mail
rPois   ∞          Reflect  .    (no helmet)
rElec   +          Harm     .    p - +0 cloak
rCorr   .          Rampage  .    l - +0 pair of gloves
Will    .....                    (no boots)
Stlth   +                        (no amulet)
HPRegen 0.29/turn                (no ring)
MPRegen 0.12/turn                (no ring)

@: heroic, hasted, very quick
A: sickness immunity, AC +6, negative energy resistance 1, electricity
resistance, torment resistance 1, petrification resistance
a: Renounce Religion, Heroism


You were on level 6 of the Dungeon.
You worshipped Okawaru.
Okawaru was pleased with you.
You visited 2 branches of the dungeon, and saw 7 of its levels.

You collected 196 gold pieces.

Inventory:

Hand Weapons
 a - a +1 long sword (weapon)
Armour
 b - a +0 scale mail (worn)
 c - a +0 buckler (worn)
 l - a +0 pair of gloves (worn)
 o - a +0 plate armour
 p - a +0 cloak (worn)
Wands
 h - a wand of roots (13)
Scrolls
 g - 2 scrolls of teleportation
 j - 4 scrolls of fear
Potions
 e - a potion of invisibility
 f - 2 potions of magic
 k - a potion of might
 m - a potion of flight
 q - a potion of brilliance


   Skills:
 + Level 5.4(10.4) Fighting
 * Level 5.3(10.3) Long Blades
 * Level 7.0(12.0) Armour
 + Level 3.0(8.0) Dodging
 * Level 7.0(12.0) Shields
 + Level 2.7 Invocations
 + Level 3.0 Evocations


You had 8 spell levels left.
You didn't know any spells.
Your spell library contained the following spells:

 Spells                   Type           Power      Damage    Failure   Level
 Apportation              Tloc           0%         N/A       67%         1
 Freeze                   Ice            0%         1d3       67%         1
 Necrotise                Necr           0%         1d4       67%         1
 Frozen Ramparts          Ice            0%         1d1       96%         3
 Hailstorm                Conj/Ice       0%         3d3       96%         3
 Orb of Destruction       Conj           0%         9d5       100%        7
 Summon Small Mammal      Summ           Unusable   N/A       N/A         1
 Summon Guardian Golem    Hex/Summ       Unusable   N/A       N/A         3
 Spellforged Servitor     Conj/Summ      Unusable   N/A       N/A         7

Dungeon Overview and Level Annotations

Branches:
Dungeon (6/15)             Temple (1/1) D:4

Altars:
Ashenzari
Dithmenos
Elyvilon
Fedhas
Gozag
Kikubaaqudgha
Makhleb
Nemelex Xobeh
Okawaru
Qazlal
Ru
Sif Muna
Trog
Uskayaw
Vehumet
Wu Jian
Xom
Yredelemnul

Shops:
D:1 (


Innate Abilities, Weirdness & Mutations

You are immune to sickness and miasma.
Your stone body is resilient. (AC +6)
You are immune to poison.
You resist negative energy. (rN+)
You are resistant to electric shocks. (rElec)
You are resistant to unholy torment.
You are immune to petrification.


Message History

The wight freezes you.
The wight hits you from afar with a +2 halberd!
You barely miss the wight.
The wight is heavily damaged.
You closely miss the wight.
The wight is heavily damaged.
You block the wight's attack. The wight closely misses you.
You hit the wight.
The wight is severely damaged.
The wight hits you with a +2 hand axe of freezing!
* * * LOW HITPOINT WARNING * * *
The wight freezes you.
* * * LOW HITPOINT WARNING * * *
The wight hits you but does no damage.
It was a potion of curing.
You feel better. The wight misses you. The wight barely misses you.
You feel yourself speed up. The wight hits you but does no damage.
You block the wight's attack.
You closely miss the wight.
The wight is severely damaged.
You block the wight's attack. The wight closely misses you.
You closely miss the wight.
The wight is severely damaged.
The wight hits you but does no damage. You block the wight's attack.
You hit the wight but do no damage.
The wight is severely damaged.
You hit the wight but do no damage.
The wight is severely damaged.
The wight closely misses you.
The wight hits you from afar with a +2 halberd!
* * * LOW HITPOINT WARNING * * *
You closely miss the wight.
The wight is severely damaged.
You slash the wight!
You destroy the wight!
Okawaru accepts your kill. You block the wight's attack.
Your base Shields skill increases to level 7!
The wight hits you with a +2 halberd!
You die...

#.#.# #.#.#
#######.#.#
..........#
#######.### #.#
#.# #. #.#
#.#.#W #.# ...#.
#@# #...# #z#
#+#..z. #W#
....... #/#
......W######.#
......z.zz..#.##
.........##....#
.......#.####.>#
.......#.# ##.#


You could see a phantom and a wight.

Vanquished Creatures
  Pikel (D:6)
  Grinder (D:4)
  Eustachio (D:4)
  A water moccasin (D:5)
  2 ice beasts (D:4)
  2 black bears (D:5)
  Blork the orc (D:4)
  A phantom (D:5)
  A scorpion (D:6)
  6 wights (D:6)
  An orc priest (D:4)
  4 hounds
  Jessica (D:3)
  2 iguanas
  An orc wizard (D:5)
  6 adders
  4 gnolls
  A white imp (D:5)
  An ufetubus (D:4)
  2 worms
  2 dart slugs
  10 orcs
  11 endoplasms
  2 giant cockroaches
  10 goblins
  11 hobgoblins
  2 quokkas
  6 ball pythons
  5 bats
  4 frilled lizards
  10 kobolds
  7 rats
120 creatures vanquished.

Vanquished Creatures (others)
  A human (D:3)
  An orc wizard (D:5)
2 creatures vanquished.

Grand Total: 122 creatures vanquished

Notes
Turn   | Place    | Note
-------+----------+-------------------------------------------
     0 | D:1      | timneilson the Gargoyle Fighter began the quest for the
                  | Orb.
     0 | D:1      | Reached XP level 1. HP: 14/14 MP: 1/1
    98 | D:1      | Reached XP level 2. HP: 19/19 MP: 2/2
   154 | D:1      | Found Dit Ubyucs's Weapon Emporium.
   320 | D:1      | Reached XP level 3. HP: 19/23 MP: 3/3
   513 | D:1      | Noticed a golden eye
   514 | D:1      | Found a faded altar of an unknown god.
   526 | D:1      | Noticed a floating eye
   526 | D:1      | Noticed an eye of devastation
   526 | D:1      | Noticed a shining eye
   881 | D:2      | Reached XP level 4. HP: 19/28 MP: 4/4
  1829 | D:3      | Noticed Jessica
  1845 | D:3      | Killed Jessica
  1846 | D:3      | Reached skill level 1 in Dodging
  1973 | D:3      | You fall into a shaft and drop 3 floors!
  2037 | D:6      | Reached XP level 5. HP: 6/33 MP: 5/5
  2167 | D:6      | Noticed a water moccasin
  2191 | D:5      | Entered Level 5 of the Dungeon
  2215 | D:5      | Killed a water moccasin
  2216 | D:5      | Reached XP level 6. HP: 8/38 MP: 6/6
  2283 | D:5      | Noticed a black bear
  2296 | D:5      | Killed a black bear
  2297 | D:5      | Reached skill level 1 in Evocations
  2354 | D:5      | Reached skill level 5 in Armour
  2354 | D:5      | Reached XP level 7. HP: 14/43 MP: 7/7
  2366 | D:5      | Reached skill level 5 in Shields
  2649 | D:5      | Found a burning altar of Makhleb.
  2728 | D:5      | Found a sparkling altar of Nemelex Xobeh.
  3175 | D:3      | Found an ancient bone altar of Kikubaaqudgha.
  3178 | D:3      | Noticed a human
  3179 | D:3      | Killed a human
  3571 | D:4      | Found a shimmering blue altar of Sif Muna.
  3664 | D:4      | Found a staircase to the Ecumenical Temple.
  3674 | Temple   | Entered the Ecumenical Temple
  3702 | Temple   | Became a worshipper of Warmaster Okawaru
  3884 | D:4      | Noticed Eustachio
  3895 | D:4      | Noticed Blork the orc
  3896 | D:4      | Killed Eustachio
  3897 | D:4      | Reached XP level 8. HP: 48/48 MP: 8/8
  3904 | D:4      | Killed Blork the orc
  3904 | D:4      | Reached * piety under Okawaru
  3930 | D:4      | Reached skill level 1 in Invocations
  4050 | D:4      | Noticed Grinder
  4055 | D:4      | Paralysed by Grinder for 4 turns
  4104 | D:4      | Paralysed by Grinder for 5 turns
  4113 | D:4      | Paralysed by Grinder for 3 turns
  4124 | D:4      | Paralysed by Grinder for 2 turns
  4141 | D:4      | Killed Grinder
  5161 | D:6      | Noticed Pikel
  5174 | D:6      | Killed Pikel
  5174 | D:6      | Reached ** piety under Okawaru
  5175 | D:6      | Reached skill level 5 in Fighting
  5175 | D:6      | Reached skill level 5 in Long Blades
  5175 | D:6      | Reached XP level 9. HP: 36/54 MP: 7/10
  5640 | D:6      | Slain by a wight

Illustrated notes

Levels and vault maps discovered:
D:1:      dpeg_arrival_pits, layout_rooms, serial_shops, shop,
          hellmonk_ecumenical_altar_watching_god
D:2:      layout_basic, minmay_unequal
D:3:      layout_basic, tgw_kikubaaqudgha, minmay_box_of_dots, uniq_jessica
D:4:      layout_basic, mainiacjoe_overflow_24_doors,
          minmay_temple_entry_large_hall, uniq_blork_the_orc, uniq_grinder,
          uniq_eustachio
D:5:      layout_loops_cross, lightli_temple_of_fire, lemuel_crystal_altar
D:6:      layout_basic, uniq_maggie, uniq_sigmund, uniq_pikel
Temple:   nicolae_temple_bog_church

Skill      XL: |  1  2  3  4  5  6  7  8  9 |
---------------+----------------------------+-----
Long Blades    | 2 3 4 5 |  5.3
Armour         | 4 5 6 7 |  7.0
Dodging        | 1 2 3 |  3.0
Shields        | 4 5 6 7 |  7.0
Fighting       | 4 5 |  5.4
Evocations     | 1 2 3 |  3.0
Invocations    | 2 |  2.7

Action                     |  1- 3 |  4- 6 |  7- 9 || total
---------------------------+-------+-------+-------++-------
  Melee: Long sword        |   133 |   176 |   402 ||   711
 Invoke: Heroism           |       |       |     4 ||     4
    Use: Scroll            |     3 |     6 |     7 ||    16
         Potion            |       |     3 |     7 ||    10
   Stab: Invisible         |       |     1 |       ||     1
 Armour: Scale mail        |    77 |    93 |   237 ||   407
  Dodge: Dodged            |    71 |    83 |   221 ||   375
  Block: Buckler           |    29 |    39 |    90 ||   158

Table legend: (Time is in decaauts)
 A = Elapsed time spent in this place.
 B = Non-inter-level travel time spent in this place.
 C = Inter-level travel time spent in this place.
 D = Time resting spent in this place.
 E = Time spent auto-exploring this place.
 F = Levels seen in this place.
 G = Mean time per level.
                   A        B        C        D        E       F      G
               +--------+--------+--------+--------+--------+-----+--------+
         Total |   5801 |   5656 |    145 |    389 |   3614 |   7 |  828.7 |
       Dungeon |   5602 |   5476 |    126 |    389 |   3452 |   6 |  933.7 |
        Temple |    199 |    180 |     19 |      0 |    162 |   1 |  199.0 |
               +--------+--------+--------+--------+--------+-----+--------+

Top non-repeatable levels by time:
     D:4: 1324 daAuts
     D:2: 1076 daAuts
     D:5: 1013 daAuts
     D:1: 744 daAuts
     D:3: 730 daAuts
     D:6: 712 daAuts
  Temple: 199 daAuts
